General information
			
			
        
        - name: BNet
 
        - type: Ladder team game (AT/RT)
 
        - host: Battle.net
 
        - saver: FriendlyTyler
 
        
map: FullScaleAssault 
        - players: 8
 
        - length: 33:12
 
        - speed: Fast
 - version: 1.22 W3XP
 - replay type:  

 
» download(247 KB)
Players
        team 1 (loser) 
              
              
4k.BlackRaNger (
red | 25 APM | 826 actions | 33:11)
              
 4 Blademaster 
 2 Wind Walk
 2 Critical Strike
 
                » actions 
                
                | Assign group hotkey | 7 |  | 
| Basic commands | 16 |  | 
| Build / train | 48 |  | 
| Enter build submenu | 30 |  | 
| Enter hero's abilities submenu | 4 |  | 
| Give item / drop item | 4 |  | 
| Remove unit from queue | 3 |  | 
| Right click | 383 |  | 
| Select / deselect | 264 |  | 
| Select group hotkey | 11 |  | 
| Use ability | 56 |  | 
                826 total
 » units 
                
                | Peon | 8 |  | 
| Wind Rider | 3 |  | 
| Demolisher | 9 |  | 
| Raider | 4 |  | 
| Tauren | 7 |  | 
                31 total
 » upgrades
                
                | Burning Oil | 1 |  | 
| Ensnare | 1 |  | 
| Pulverize | 1 |  | 
                3 total
 » buildings
                
                | Altar of Storms | 1 |  | 
| Orc Burrow | 7 |  | 
| Voodoo Lounge | 1 |  | 
| War Mill | 1 |  | 
| Stronghold | 1 |  | 
| Beastiary | 2 |  | 
| Barracks | 2 |  | 
| Fortress | 1 |  | 
| Great Hall | 1 |  | 
| Tauren Totem | 2 |  | 
| Watch Tower | 6 |  | 
                25 total
 » build order
                00:15 Altar of Storms
00:28 Orc Burrow
00:44 Voodoo Lounge
01:18 War Mill
02:10 Orc Burrow
02:43 Stronghold
03:59 Orc Burrow
04:03 Orc Burrow
04:07 Orc Burrow
04:35 Orc Burrow
05:17 Beastiary
05:31 Beastiary
05:39 Orc Burrow
07:22 Barracks
07:28 Barracks
09:39 Fortress
17:41 Great Hall
19:00 Tauren Totem
19:02 Tauren Totem
27:41 Watch Tower
27:41 Watch Tower
27:42 Watch Tower
27:43 Watch Tower
27:46 Watch Tower
27:47 Watch Tower
» items
                
                | Healing Salve | 2 |  | 
| Potion of Healing | 2 |  | 
| Orb of Lightning | 1 |  | 
| Scroll of Town Portal | 1 |  | 
                6 total
  
               
              
              
M4sQu1S13r4s (
pink | 38 APM | 1120 actions | 29:22)
              
 4 Far Seer 
 2 Feral Spirit
 2 Chain Lighting
 
                » actions 
                
                | Assign group hotkey | 2 |  | 
| Basic commands | 40 |  | 
| Build / train | 66 |  | 
| Enter build submenu | 38 |  | 
| Enter hero's abilities submenu | 4 |  | 
| Remove unit from queue | 7 |  | 
| Right click | 503 |  | 
| Select / deselect | 402 |  | 
| Select group hotkey | 1 |  | 
| Use ability | 57 |  | 
                1120 total
 » units 
                
                | Peon | 13 |  | 
| Troll Headhunter/Berserker | 12 |  | 
| Demolisher | 21 |  | 
| Wind Rider | 3 |  | 
                49 total
 » upgrades
                
                | Armor | 2 |  | 
| Ranged Weapons | 0 |  | 
| Troll Regeneration | 1 |  | 
                3 total
 » buildings
                
                | Altar of Storms | 1 |  | 
| Orc Burrow | 8 |  | 
| Barracks | 2 |  | 
| War Mill | 1 |  | 
| Stronghold | 1 |  | 
| Voodoo Lounge | 1 |  | 
| Beastiary | 1 |  | 
| Watch Tower | 19 |  | 
                34 total
 » build order
                00:04 Altar of Storms
00:10 Orc Burrow
00:28 Barracks
01:26 War Mill
01:50 Barracks
03:20 Orc Burrow
04:02 Orc Burrow
04:23 Stronghold
05:14 Orc Burrow
06:33 Voodoo Lounge
08:25 Beastiary
09:08 Orc Burrow
10:46 Orc Burrow
10:49 Orc Burrow
13:15 Orc Burrow
17:13 Watch Tower
17:15 Watch Tower
17:17 Watch Tower
17:18 Watch Tower
17:44 Watch Tower
18:58 Watch Tower
20:05 Watch Tower
20:15 Watch Tower
20:49 Watch Tower
21:18 Watch Tower
21:58 Watch Tower
22:06 Watch Tower
23:18 Watch Tower
23:23 Watch Tower
24:32 Watch Tower
24:40 Watch Tower
25:17 Watch Tower
25:24 Watch Tower
26:34 Watch Tower
» items
                 
               
              
              
NightElfOwnz (
orange | 19 APM | 535 actions | 28:43)
              
 4 Far Seer 
 1 Feral Spirit
 3 Chain Lighting
 
                » actions 
                
                | Assign group hotkey | 29 |  | 
| Build / train | 85 |  | 
| Enter build submenu | 13 |  | 
| Enter hero's abilities submenu | 3 |  | 
| Right click | 171 |  | 
| Select / deselect | 163 |  | 
| Select group hotkey | 44 |  | 
| Use ability | 26 |  | 
                535 total
 » units 
                
                | Peon | 11 |  | 
| Troll Headhunter/Berserker | 39 |  | 
| Grunt | 7 |  | 
| Demolisher | 7 |  | 
                64 total
 » upgrades
                
                | Melee Weapons | 1 |  | 
| Ranged Weapons | 1 |  | 
| Spiked Barricades | 1 |  | 
| Armor | 1 |  | 
| Burning Oil | 1 |  | 
                5 total
 » buildings
                
                | Altar of Storms | 2 |  | 
| Orc Burrow | 6 |  | 
| Barracks | 2 |  | 
| War Mill | 1 |  | 
| Voodoo Lounge | 1 |  | 
| Stronghold | 1 |  | 
| Fortress | 1 |  | 
                14 total
 » build order
                00:05 Altar of Storms
00:06 Orc Burrow
00:09 Orc Burrow
00:13 Altar of Storms
01:46 Barracks
03:11 War Mill
03:37 Voodoo Lounge
03:42 Orc Burrow
07:20 Stronghold
08:49 Orc Burrow
08:50 Orc Burrow
08:51 Orc Burrow
13:51 Barracks
17:56 Fortress
 
               
              
              
wambat (
green | 34 APM | 1042 actions | 30:17)
              
 2 Shadow Hunter 
 1 Serpent Ward
 1 Hex
 
                » actions 
                
                | Assign group hotkey | 17 |  | 
| Build / train | 57 |  | 
| Enter build submenu | 24 |  | 
| Enter hero's abilities submenu | 2 |  | 
| Remove unit from queue | 1 |  | 
| Right click | 424 |  | 
| Select / deselect | 317 |  | 
| Select group hotkey | 144 |  | 
| Use ability | 56 |  | 
                1042 total
 » units 
                
                | Peon | 7 |  | 
| Troll Headhunter/Berserker | 18 |  | 
| Goblin Sapper | 1 |  | 
| Demolisher | 2 |  | 
| Troll Batrider | 12 |  | 
| Grunt | 4 |  | 
                44 total
 » upgrades
                
                | Ranged Weapons | 3 |  | 
| Armor | 3 |  | 
| Troll Regeneration | 1 |  | 
                7 total
 » buildings
                
                | Barracks | 2 |  | 
| Orc Burrow | 5 |  | 
| War Mill | 1 |  | 
| Altar of Storms | 1 |  | 
| Stronghold | 1 |  | 
| Beastiary | 3 |  | 
| Voodoo Lounge | 1 |  | 
| Fortress | 1 |  | 
| Watch Tower | 12 |  | 
                27 total
 » build order
                00:25 Barracks
00:33 Barracks
00:38 Orc Burrow
00:57 War Mill
01:55 Altar of Storms
02:13 Orc Burrow
02:54 Orc Burrow
06:37 Stronghold
08:05 Orc Burrow
08:58 Orc Burrow
14:54 Beastiary
14:55 Beastiary
15:22 Beastiary
16:35 Voodoo Lounge
17:32 Fortress
18:47 Watch Tower
18:48 Watch Tower
18:49 Watch Tower
18:49 Watch Tower
18:49 Watch Tower
18:50 Watch Tower
19:46 Watch Tower
19:49 Watch Tower
19:54 Watch Tower
19:56 Watch Tower
19:59 Watch Tower
20:36 Watch Tower
» items
                 
               team 2 (winner) 
              
              
FriendlyTyler (
yellow | 107 APM | 3544 actions | 33:12)
              
 7 Blademaster 
 3 Wind Walk
 3 Critical Strike
 1 Bladestorm
 
                » actions 
                
                | Assign group hotkey | 11 |  | 
| Basic commands | 13 |  | 
| Build / train | 77 |  | 
| Enter build submenu | 41 |  | 
| Enter hero's abilities submenu | 7 |  | 
| Give item / drop item | 10 |  | 
| Right click | 2365 |  | 
| Select / deselect | 234 |  | 
| Select group hotkey | 575 |  | 
| Use ability | 207 |  | 
                3544 total
 » units 
                
                | Peon | 14 |  | 
| Troll Batrider | 15 |  | 
| Goblin Zeppelin | 1 |  | 
                30 total
 » upgrades
                
                | Liquid Fire | 1 |  | 
| Ranged Weapons | 2 |  | 
                3 total
 » buildings
                
                | War Mill | 1 |  | 
| Altar of Storms | 1 |  | 
| Orc Burrow | 5 |  | 
| Watch Tower | 27 |  | 
| Stronghold | 2 |  | 
| Voodoo Lounge | 2 |  | 
| Beastiary | 2 |  | 
| Great Hall | 1 |  | 
| Fortress | 1 |  | 
                42 total
 » build order
                00:16 War Mill
00:24 Altar of Storms
00:36 Orc Burrow
01:58 Watch Tower
02:14 Watch Tower
02:41 Orc Burrow
02:55 Watch Tower
03:10 Stronghold
03:10 Stronghold
03:47 Voodoo Lounge
03:51 Voodoo Lounge
04:14 Watch Tower
04:16 Watch Tower
04:40 Watch Tower
04:45 Watch Tower
04:48 Watch Tower
04:49 Watch Tower
04:51 Watch Tower
04:54 Watch Tower
05:32 Watch Tower
06:11 Beastiary
07:01 Beastiary
07:59 Orc Burrow
08:41 Watch Tower
08:41 Watch Tower
08:59 Great Hall
09:11 Orc Burrow
10:02 Orc Burrow
12:00 Watch Tower
12:32 Watch Tower
12:35 Fortress
13:58 Watch Tower
17:03 Watch Tower
18:24 Watch Tower
22:07 Watch Tower
22:08 Watch Tower
22:09 Watch Tower
28:55 Watch Tower
28:55 Watch Tower
28:56 Watch Tower
28:56 Watch Tower
28:56 Watch Tower
» items
                
                | Healing Salve | 8 |  | 
| Lesser Clarity Potion | 13 |  | 
| Boots of Speed | 1 |  | 
| Staff of Teleportation | 4 |  | 
| Orb of Lightning | 2 |  | 
| Potion of Mana | 1 |  | 
| Potion of Healing | 1 |  | 
                30 total
  
               
              
              
Friends.scm (
purple | 87 APM | 2902 actions | 33:11)
              
 4 Archmage 
 3 Blizzard
 1 Brilliance Aura
 
                » actions 
                
                | Assign group hotkey | 279 |  | 
| Basic commands | 10 |  | 
| Build / train | 316 |  | 
| Enter build submenu | 133 |  | 
| Enter hero's abilities submenu | 4 |  | 
| Remove unit from queue | 3 |  | 
| Right click | 1096 |  | 
| Select / deselect | 703 |  | 
| Select group hotkey | 3 |  | 
| Use ability | 355 |  | 
                2902 total
 » units 
                
                | Peasant | 52 |  | 
| Goblin Zeppelin | 2 |  | 
| Goblin Shredder | 3 |  | 
                57 total
 » upgrades
                
                | Masonry | 3 |  | 
| Lumber Harvesting | 2 |  | 
                5 total
 » buildings
                
                | Altar of Kings | 1 |  | 
| Lumber Mill | 1 |  | 
| Farm | 5 |  | 
| Scout Tower | 245 |  | 
| Arcane Tower | 2 |  | 
| Guard Tower | 229 |  | 
| Town Hall | 3 |  | 
| Keep | 1 |  | 
| Castle | 1 |  | 
                488 total
 » build order
                00:12 Altar of Kings
00:20 Lumber Mill
00:36 Farm
01:22 Scout Tower
01:28 Scout Tower
01:29 Scout Tower
01:51 Arcane Tower
01:51 Arcane Tower
01:53 Scout Tower
02:09 Scout Tower
02:20 Farm
02:31 Guard Tower
02:31 Guard Tower
02:31 Guard Tower
03:00 Guard Tower
03:01 Guard Tower
03:12 Guard Tower
03:13 Guard Tower
03:13 Guard Tower
03:28 Guard Tower
03:37 Farm
03:58 Scout Tower
03:58 Scout Tower
03:59 Scout Tower
04:11 Scout Tower
04:12 Scout Tower
04:12 Scout Tower
04:38 Guard Tower
04:39 Guard Tower
04:39 Guard Tower
04:40 Guard Tower
04:41 Scout Tower
04:43 Guard Tower
04:43 Guard Tower
04:44 Scout Tower
04:57 Scout Tower
05:07 Guard Tower
05:08 Scout Tower
05:11 Guard Tower
05:13 Scout Tower
05:23 Scout Tower
05:24 Scout Tower
05:38 Guard Tower
05:39 Guard Tower
05:39 Guard Tower
05:41 Scout Tower
05:42 Scout Tower
05:42 Scout Tower
05:43 Guard Tower
05:44 Guard Tower
06:09 Guard Tower
06:09 Guard Tower
06:10 Guard Tower
06:10 Guard Tower
06:12 Scout Tower
06:13 Scout Tower
06:14 Scout Tower
06:19 Guard Tower
06:20 Guard Tower
06:26 Guard Tower
06:26 Guard Tower
06:27 Scout Tower
06:51 Guard Tower
07:03 Guard Tower
07:04 Scout Tower
07:42 Guard Tower
07:49 Scout Tower
08:00 Scout Tower
08:01 Scout Tower
08:06 Scout Tower
08:07 Scout Tower
08:07 Scout Tower
08:13 Scout Tower
08:13 Scout Tower
08:14 Scout Tower
08:17 Guard Tower
08:17 Guard Tower
08:26 Farm
08:27 Farm
08:39 Guard Tower
08:43 Scout Tower
08:43 Scout Tower
08:44 Scout Tower
08:45 Scout Tower
08:46 Scout Tower
08:49 Guard Tower
08:49 Guard Tower
09:05 Guard Tower
09:05 Guard Tower
09:15 Guard Tower
09:29 Town Hall
09:36 Guard Tower
09:42 Guard Tower
09:43 Guard Tower
09:43 Guard Tower
09:51 Guard Tower
09:51 Guard Tower
10:03 Guard Tower
10:03 Guard Tower
10:13 Scout Tower
10:14 Scout Tower
10:20 Scout Tower
10:21 Scout Tower
10:47 Guard Tower
10:47 Guard Tower
11:09 Guard Tower
11:09 Guard Tower
11:23 Guard Tower
12:41 Keep
13:26 Scout Tower
13:27 Scout Tower
13:27 Scout Tower
13:32 Scout Tower
13:33 Scout Tower
13:38 Scout Tower
13:39 Scout Tower
13:39 Scout Tower
13:40 Scout Tower
13:40 Scout Tower
13:41 Scout Tower
13:41 Scout Tower
13:41 Scout Tower
13:42 Scout Tower
13:59 Guard Tower
14:00 Guard Tower
14:00 Scout Tower
14:01 Scout Tower
14:12 Scout Tower
14:12 Scout Tower
14:13 Scout Tower
14:14 Guard Tower
14:14 Guard Tower
14:23 Guard Tower
14:24 Guard Tower
14:55 Guard Tower
14:55 Guard Tower
14:56 Guard Tower
14:57 Guard Tower
14:58 Guard Tower
15:09 Scout Tower
15:10 Scout Tower
15:11 Scout Tower
15:11 Scout Tower
15:12 Scout Tower
15:12 Scout Tower
15:18 Scout Tower
15:21 Scout Tower
15:22 Scout Tower
15:23 Scout Tower
15:23 Scout Tower
15:24 Scout Tower
15:24 Scout Tower
15:41 Guard Tower
15:51 Guard Tower
15:51 Guard Tower
15:52 Guard Tower
15:54 Scout Tower
15:55 Scout Tower
15:55 Scout Tower
15:56 Scout Tower
15:56 Scout Tower
15:57 Scout Tower
16:35 Guard Tower
16:35 Guard Tower
16:38 Scout Tower
16:39 Scout Tower
16:39 Scout Tower
16:40 Scout Tower
16:40 Scout Tower
16:41 Scout Tower
16:45 Guard Tower
16:53 Castle
17:56 Guard Tower
17:56 Guard Tower
18:27 Guard Tower
18:27 Guard Tower
18:42 Town Hall
19:02 Guard Tower
19:02 Guard Tower
19:04 Scout Tower
19:06 Guard Tower
19:09 Scout Tower
19:10 Scout Tower
19:10 Scout Tower
19:11 Scout Tower
19:11 Scout Tower
19:12 Scout Tower
19:30 Scout Tower
19:31 Scout Tower
19:31 Scout Tower
19:32 Scout Tower
19:32 Scout Tower
19:33 Scout Tower
19:38 Guard Tower
19:40 Scout Tower
19:40 Scout Tower
19:41 Scout Tower
19:43 Scout Tower
19:43 Scout Tower
19:44 Scout Tower
19:45 Scout Tower
19:45 Scout Tower
20:03 Town Hall
20:15 Guard Tower
20:16 Guard Tower
20:17 Scout Tower
20:18 Scout Tower
20:23 Scout Tower
20:23 Scout Tower
20:24 Scout Tower
20:24 Scout Tower
20:25 Scout Tower
20:25 Scout Tower
20:26 Guard Tower
20:27 Guard Tower
20:33 Guard Tower
20:34 Guard Tower
20:35 Guard Tower
20:37 Scout Tower
20:37 Scout Tower
20:38 Scout Tower
20:54 Guard Tower
20:55 Guard Tower
20:56 Scout Tower
20:57 Scout Tower
20:57 Scout Tower
20:58 Scout Tower
20:59 Scout Tower
21:06 Guard Tower
21:09 Scout Tower
21:09 Scout Tower
21:10 Scout Tower
21:10 Scout Tower
21:10 Scout Tower
21:12 Guard Tower
21:13 Guard Tower
21:16 Scout Tower
21:18 Scout Tower
21:19 Scout Tower
21:20 Scout Tower
21:20 Scout Tower
21:21 Scout Tower
21:31 Guard Tower
21:31 Guard Tower
21:31 Guard Tower
21:38 Scout Tower
21:39 Scout Tower
21:49 Scout Tower
21:50 Scout Tower
21:56 Guard Tower
21:56 Guard Tower
22:01 Scout Tower
22:02 Scout Tower
22:02 Scout Tower
22:19 Guard Tower
22:20 Guard Tower
22:28 Guard Tower
22:28 Guard Tower
22:30 Scout Tower
22:31 Scout Tower
22:32 Scout Tower
22:32 Scout Tower
22:33 Scout Tower
22:34 Scout Tower
22:43 Scout Tower
22:43 Scout Tower
22:44 Scout Tower
22:45 Scout Tower
22:45 Scout Tower
22:45 Scout Tower
23:06 Guard Tower
23:17 Guard Tower
23:17 Guard Tower
23:17 Guard Tower
23:25 Guard Tower
23:26 Guard Tower
24:16 Guard Tower
24:16 Guard Tower
24:23 Guard Tower
24:23 Guard Tower
24:24 Guard Tower
24:27 Scout Tower
24:28 Scout Tower
24:29 Scout Tower
24:30 Scout Tower
24:31 Scout Tower
24:31 Scout Tower
24:36 Scout Tower
24:37 Scout Tower
24:39 Scout Tower
24:39 Scout Tower
24:40 Scout Tower
24:41 Scout Tower
25:02 Scout Tower
25:02 Scout Tower
25:03 Scout Tower
25:05 Guard Tower
25:06 Guard Tower
25:09 Scout Tower
25:09 Scout Tower
25:10 Guard Tower
25:10 Guard Tower
25:16 Guard Tower
25:16 Guard Tower
25:20 Scout Tower
25:20 Scout Tower
25:21 Scout Tower
25:22 Scout Tower
25:22 Scout Tower
25:23 Scout Tower
25:24 Guard Tower
25:24 Guard Tower
25:29 Guard Tower
25:30 Guard Tower
25:32 Scout Tower
25:33 Scout Tower
25:33 Scout Tower
25:34 Scout Tower
25:35 Scout Tower
25:35 Scout Tower
25:40 Guard Tower
25:40 Guard Tower
25:43 Scout Tower
25:56 Guard Tower
25:57 Guard Tower
25:57 Guard Tower
25:57 Guard Tower
25:57 Guard Tower
25:58 Guard Tower
25:59 Guard Tower
26:01 Scout Tower
26:02 Scout Tower
26:02 Scout Tower
26:04 Scout Tower
26:05 Scout Tower
26:05 Scout Tower
26:06 Scout Tower
26:06 Scout Tower
26:06 Scout Tower
26:26 Guard Tower
26:26 Guard Tower
26:27 Guard Tower
26:36 Guard Tower
26:37 Guard Tower
26:39 Scout Tower
26:40 Scout Tower
26:41 Scout Tower
26:41 Scout Tower
26:42 Scout Tower
26:43 Scout Tower
26:43 Guard Tower
26:44 Guard Tower
26:44 Guard Tower
27:05 Guard Tower
27:05 Guard Tower
27:06 Guard Tower
27:11 Guard Tower
27:11 Guard Tower
27:15 Scout Tower
27:16 Scout Tower
27:17 Scout Tower
27:17 Scout Tower
27:19 Scout Tower
27:19 Scout Tower
27:29 Guard Tower
27:29 Guard Tower
27:29 Guard Tower
27:42 Guard Tower
27:43 Guard Tower
27:49 Scout Tower
27:50 Scout Tower
27:50 Scout Tower
27:51 Scout Tower
27:51 Scout Tower
27:52 Scout Tower
28:05 Guard Tower
28:08 Scout Tower
28:08 Scout Tower
28:10 Scout Tower
28:11 Scout Tower
28:11 Scout Tower
28:13 Scout Tower
28:14 Scout Tower
28:17 Guard Tower
28:17 Guard Tower
28:28 Guard Tower
28:28 Guard Tower
28:30 Scout Tower
28:32 Scout Tower
28:32 Scout Tower
28:36 Guard Tower
28:37 Guard Tower
28:42 Guard Tower
28:43 Guard Tower
28:47 Scout Tower
28:47 Scout Tower
28:48 Scout Tower
28:48 Scout Tower
28:49 Scout Tower
28:49 Scout Tower
29:20 Scout Tower
29:21 Scout Tower
29:22 Scout Tower
29:22 Scout Tower
29:23 Scout Tower
29:23 Scout Tower
29:49 Guard Tower
29:56 Guard Tower
29:56 Guard Tower
29:57 Guard Tower
29:57 Guard Tower
29:57 Guard Tower
30:00 Scout Tower
30:00 Scout Tower
30:01 Scout Tower
30:03 Scout Tower
30:04 Scout Tower
30:05 Scout Tower
30:05 Scout Tower
30:06 Scout Tower
30:06 Scout Tower
30:41 Guard Tower
30:41 Guard Tower
30:48 Guard Tower
30:48 Guard Tower
30:48 Guard Tower
31:15 Guard Tower
» items
                
                | Potion of Healing | 5 |  | 
| Healing Salve | 3 |  | 
                8 total
  
               
              
              
JulyBack2TheSty (
blue | 109 APM | 3607 actions | 33:11)
              
 4 Mountain King 
 2 Storm Bolt
 2 Bash
 4 Paladin 
 2 Holy Light
 2 Divine Shield
 3 Archmage 
 2 Blizzard
 1 Brilliance Aura
 
                » actions 
                
                | Assign group hotkey | 301 |  | 
| Basic commands | 44 |  | 
| Build / train | 186 |  | 
| Enter build submenu | 158 |  | 
| Enter hero's abilities submenu | 11 |  | 
| Give item / drop item | 4 |  | 
| Right click | 1548 |  | 
| Select / deselect | 633 |  | 
| Select group hotkey | 396 |  | 
| Use ability | 326 |  | 
                3607 total
 » units 
                » upgrades
                
                | Masonry | 3 |  | 
| Lumber Harvesting | 1 |  | 
| Magic Sentry | 1 |  | 
                5 total
 » buildings
                
                | Altar of Kings | 1 |  | 
| Lumber Mill | 2 |  | 
| Farm | 6 |  | 
| Scout Tower | 161 |  | 
| Arcane Tower | 5 |  | 
| Guard Tower | 88 |  | 
| Arcane Vault | 5 |  | 
| Keep | 1 |  | 
| Castle | 1 |  | 
| Arcane Sanctum | 1 |  | 
                271 total
 » build order
                00:05 Altar of Kings
00:19 Lumber Mill
00:28 Farm
00:52 Farm
01:23 Scout Tower
01:37 Farm
01:51 Arcane Tower
01:52 Scout Tower
02:06 Scout Tower
02:09 Scout Tower
02:18 Guard Tower
02:21 Scout Tower
02:35 Guard Tower
02:38 Scout Tower
02:52 Guard Tower
02:58 Arcane Vault
03:04 Arcane Tower
03:05 Arcane Tower
03:05 Arcane Tower
03:28 Guard Tower
03:29 Scout Tower
03:58 Guard Tower
04:01 Scout Tower
04:03 Scout Tower
04:08 Scout Tower
04:32 Guard Tower
04:33 Scout Tower
04:35 Guard Tower
04:36 Scout Tower
04:40 Scout Tower
04:41 Scout Tower
04:46 Guard Tower
04:49 Scout Tower
05:01 Guard Tower
05:04 Scout Tower
05:20 Guard Tower
05:22 Guard Tower
05:38 Keep
05:41 Scout Tower
05:51 Scout Tower
06:20 Scout Tower
06:24 Guard Tower
06:27 Guard Tower
06:29 Scout Tower
06:31 Arcane Vault
06:49 Scout Tower
06:55 Guard Tower
06:57 Scout Tower
06:58 Scout Tower
06:58 Scout Tower
06:59 Scout Tower
07:00 Guard Tower
07:06 Scout Tower
07:07 Scout Tower
07:16 Guard Tower
07:46 Arcane Tower
07:50 Scout Tower
07:51 Guard Tower
08:12 Guard Tower
08:13 Scout Tower
08:23 Guard Tower
08:26 Scout Tower
08:46 Guard Tower
08:47 Guard Tower
08:47 Guard Tower
08:56 Scout Tower
08:59 Castle
09:01 Guard Tower
09:03 Scout Tower
09:10 Guard Tower
09:17 Scout Tower
09:32 Guard Tower
09:34 Scout Tower
09:37 Guard Tower
09:38 Scout Tower
09:39 Scout Tower
09:40 Scout Tower
09:47 Guard Tower
09:49 Scout Tower
09:55 Scout Tower
10:20 Scout Tower
10:24 Guard Tower
10:25 Scout Tower
11:13 Scout Tower
11:13 Guard Tower
12:52 Farm
12:53 Farm
12:58 Scout Tower
12:59 Scout Tower
13:18 Scout Tower
13:19 Scout Tower
13:30 Scout Tower
13:37 Scout Tower
13:50 Guard Tower
13:51 Scout Tower
14:10 Guard Tower
14:12 Guard Tower
14:13 Scout Tower
14:44 Scout Tower
14:45 Guard Tower
15:16 Guard Tower
15:27 Scout Tower
16:17 Scout Tower
16:18 Guard Tower
16:19 Scout Tower
16:20 Scout Tower
16:22 Scout Tower
16:23 Arcane Vault
16:25 Scout Tower
16:26 Scout Tower
16:31 Scout Tower
16:33 Scout Tower
16:36 Scout Tower
16:40 Scout Tower
16:40 Scout Tower
16:49 Guard Tower
16:57 Scout Tower
16:58 Scout Tower
16:59 Scout Tower
17:00 Scout Tower
17:02 Guard Tower
17:28 Farm
17:33 Guard Tower
17:34 Guard Tower
17:36 Scout Tower
17:37 Scout Tower
17:39 Scout Tower
17:39 Scout Tower
17:40 Scout Tower
17:40 Scout Tower
17:42 Scout Tower
17:42 Scout Tower
17:43 Scout Tower
17:44 Scout Tower
17:48 Scout Tower
17:49 Scout Tower
17:49 Scout Tower
17:51 Guard Tower
17:56 Lumber Mill
18:02 Guard Tower
18:06 Scout Tower
18:07 Scout Tower
18:17 Scout Tower
18:22 Scout Tower
18:23 Scout Tower
18:24 Scout Tower
18:26 Scout Tower
18:28 Scout Tower
18:33 Guard Tower
18:38 Guard Tower
18:40 Scout Tower
18:41 Scout Tower
18:53 Guard Tower
18:55 Scout Tower
18:57 Scout Tower
18:57 Guard Tower
18:58 Scout Tower
19:15 Guard Tower
19:28 Scout Tower
19:33 Guard Tower
19:35 Scout Tower
19:36 Scout Tower
19:38 Scout Tower
19:39 Guard Tower
19:40 Scout Tower
19:43 Scout Tower
19:44 Scout Tower
20:02 Scout Tower
20:02 Scout Tower
20:04 Guard Tower
20:16 Guard Tower
20:17 Scout Tower
20:33 Scout Tower
20:46 Guard Tower
20:49 Scout Tower
20:51 Guard Tower
20:54 Scout Tower
20:57 Arcane Vault
21:37 Guard Tower
21:38 Scout Tower
21:39 Scout Tower
21:45 Scout Tower
21:46 Arcane Vault
21:47 Scout Tower
21:48 Scout Tower
21:49 Scout Tower
21:55 Scout Tower
21:56 Scout Tower
21:57 Arcane Sanctum
21:58 Guard Tower
22:00 Scout Tower
22:01 Scout Tower
22:02 Scout Tower
22:02 Scout Tower
22:03 Scout Tower
22:05 Scout Tower
22:06 Scout Tower
22:07 Scout Tower
22:09 Scout Tower
22:09 Scout Tower
22:10 Scout Tower
22:11 Scout Tower
22:27 Guard Tower
22:49 Guard Tower
22:55 Scout Tower
22:56 Scout Tower
22:58 Guard Tower
24:09 Guard Tower
24:15 Scout Tower
25:01 Guard Tower
25:03 Scout Tower
25:23 Guard Tower
25:51 Guard Tower
25:52 Scout Tower
26:29 Guard Tower
26:32 Scout Tower
26:33 Scout Tower
27:12 Guard Tower
27:16 Scout Tower
27:49 Guard Tower
28:26 Guard Tower
28:27 Scout Tower
28:32 Guard Tower
28:34 Scout Tower
28:59 Guard Tower
29:01 Scout Tower
29:30 Guard Tower
29:34 Guard Tower
30:01 Scout Tower
30:05 Scout Tower
30:15 Guard Tower
30:30 Scout Tower
30:42 Scout Tower
31:00 Guard Tower
31:09 Guard Tower
31:09 Guard Tower
31:11 Scout Tower
31:21 Scout Tower
31:30 Scout Tower
31:39 Guard Tower
31:41 Scout Tower
31:42 Scout Tower
31:45 Scout Tower
31:46 Scout Tower
31:48 Scout Tower
31:51 Guard Tower
32:01 Scout Tower
32:03 Guard Tower
32:05 Scout Tower
32:08 Guard Tower
32:08 Guard Tower
32:09 Guard Tower
32:11 Scout Tower
32:13 Scout Tower
32:18 Scout Tower
32:19 Guard Tower
32:24 Guard Tower
32:26 Scout Tower
32:27 Scout Tower
32:29 Scout Tower
32:32 Guard Tower
32:32 Guard Tower
32:33 Guard Tower
32:40 Guard Tower
32:41 Scout Tower
32:42 Guard Tower
32:43 Scout Tower
32:57 Guard Tower
32:59 Scout Tower
33:00 Guard Tower
33:03 Scout Tower
» items
                
                | Scroll of Regeneration | 7 |  | 
| Lesser Clarity Potion | 8 |  | 
| Potion of Healing | 3 |  | 
| Potion of Mana | 3 |  | 
| Orb of Fire | 4 |  | 
| Staff of Sanctuary | 3 |  | 
| Scroll of Town Portal | 3 |  | 
| Staff of Teleportation | 3 |  | 
| Boots of Speed | 3 |  | 
                37 total
  
               
              
              
thoughtUwastoss (
teal | 72 APM | 2395 actions | 33:11)
              
 5 Warden 
 2 Shadow Strike
 3 Blink
 3 Pandaren Brewmaster 
 2 Breath of Fire
 1 Drunken Brawler
 
                » actions 
                
                | Assign group hotkey | 3 |  | 
| Basic commands | 59 |  | 
| Build / train | 60 |  | 
| Enter build submenu | 18 |  | 
| Enter hero's abilities submenu | 8 |  | 
| Give item / drop item | 16 |  | 
| Right click | 1243 |  | 
| Select / deselect | 160 |  | 
| Select group hotkey | 655 |  | 
| Use ability | 171 |  | 
                2395 total
 » units 
                » upgrades
                » buildings
                
                | Altar of Elders | 1 |  | 
| Moon Well | 13 |  | 
| Tree of Life | 2 |  | 
| Tree of Ages | 1 |  | 
| Ancient of Wonders | 1 |  | 
| Tree of Eternity | 1 |  | 
                19 total
 » build order
                00:48 Altar of Elders
00:52 Moon Well
04:12 Moon Well
06:05 Tree of Life
06:22 Tree of Life
08:08 Tree of Ages
08:16 Moon Well
08:17 Moon Well
08:18 Moon Well
08:19 Moon Well
15:13 Ancient of Wonders
17:30 Tree of Eternity
17:40 Moon Well
17:41 Moon Well
28:08 Moon Well
28:09 Moon Well
28:09 Moon Well
28:10 Moon Well
28:10 Moon Well
» items
                
                | Boots of Speed | 2 |  | 
| Staff of Teleportation | 2 |  | 
| Dust of Appearance | 1 |  | 
| Lesser Clarity Potion | 4 |  | 
| Scroll of Regeneration | 2 |  | 
| Healing Salve | 2 |  | 
| Potion of Mana | 1 |  | 
| Staff of Preservation | 2 |  | 
| Orb of Lightning | 1 |  | 
| Orb of Venom | 1 |  | 
| Potion of Healing | 1 |  | 
                19 total
  
                Chat log
          (00:06 / Allies) FriendlyTyler: would be sweet to tower vs.
(00:07 / Allies) Friends.scm: really staying?
(00:08 / Allies) FriendlyTyler: 4 orcs
(00:19 / Allies) Friends.scm: they ramps then
(00:26 / Allies) FriendlyTyler: v blades?
(00:29 / Allies) Friends.scm: yeah fuck it
(00:50 / Allies) Friends.scm: i dont want to play 3h snoozefest vs turtling orcs on this map
(00:53 / Allies) FriendlyTyler: sent
(01:20 / Allies) Friends.scm: where our ne?
(01:21 / Allies) Friends.scm: need gold
(01:40 / Allies) FriendlyTyler: just a q
(01:44 / Allies) FriendlyTyler: how many wisp on lumber did you have last game
(01:53 / Allies) FriendlyTyler: cause i've never asked for lumber so many times in 1 game
(02:00 / Allies) Friends.scm: yeah i was giving to tim
(02:01 / Allies) thoughtUwastoss: i think he problem was he made about 15 aow
(02:05 / Allies) thoughtUwastoss: instead of feeding us
(02:07 / Allies) Friends.scm: i dont think i gave much to top at all
(02:18 / Allies) thoughtUwastoss: i had my guys in burrows most of the game
(02:24 / Allies) FriendlyTyler: i think you have me & tim mixed up caus ei was on bottom with you
(02:28 / Allies) Friends.scm: oh
(02:29 / Allies) Friends.scm: bot then
(02:30 / Allies) Friends.scm: yeah ih ave no idea
(02:33 / Allies) Friends.scm: who is who anymore
(02:46 / Allies) FriendlyTyler: welp we got it 
(02:47 / Allies) FriendlyTyler: weird
(02:47 / Allies) thoughtUwastoss: me and iggy was top
(02:48 / Allies) JulyBack2TheSty: no blades?
(02:49 / Allies) JulyBack2TheSty: what is this
(02:50 / Allies) JulyBack2TheSty: yea
(02:54 / Allies) JulyBack2TheSty: absurd
(02:55 / Allies) Friends.scm: hard tech to wyv
(02:57 / Allies) Friends.scm: out now
(03:02 / Allies) FriendlyTyler: send lum so i make bat
(03:10 / Allies) FriendlyTyler: ty
(03:15 / Allies) FriendlyTyler: wow
(03:15 / Allies) JulyBack2TheSty: bignoob
(03:15 / Allies) FriendlyTyler: nope
(03:16 / Allies) thoughtUwastoss: sgut nob
(03:16 / Allies) Friends.scm: ???? noobs?
(03:17 / Allies) thoughtUwastoss: shit noob
(03:18 / Allies) FriendlyTyler: just massive noop
(03:18 / All) Friends.scm: leave
(03:20 / All) Friends.scm: faggots
(03:22 / All) Friends.scm: you just wasted my time
(03:26 / Allies) FriendlyTyler: dogmage down
(03:44 / All) Friends.scm: from?
(03:50 / Allies) Friends.scm: take all their expos
(04:05 / Allies) FriendlyTyler: shortest fsa...
(04:24 / Allies) FriendlyTyler: laugh
(04:46 / Allies) Friends.scm: i bet this game
(04:49 / Allies) Friends.scm: we could win a mountaineer on fsa
(04:53 / Allies) Friends.scm: if we ever wanted to do that
(05:02 / Allies) thoughtUwastoss: t-ren
(05:13 / Allies) JulyBack2TheSty: rainbow orc strats
(05:22 / Allies) FriendlyTyler: that mean gay or sth
(05:28 / Allies) JulyBack2TheSty: it mean one o errthing
(06:16 / Allies) Friends.scm: top 
(06:17 / Allies) Friends.scm: grab that please
(06:23 / Allies) Friends.scm: a noob
(07:04 / Allies) FriendlyTyler: lum?
(07:07 / Allies) Friends.scm: is he farsighting
(07:09 / Allies) FriendlyTyler: yes
(07:11 / Allies) Friends.scm: no
(07:13 / Allies) Friends.scm: level 1 fs
(07:16 / All) NightElfOwnz: damn towers
(07:20 / All) FriendlyTyler: gg
(07:21 / All) thoughtUwastoss: Hugh
(07:46 / All) Friends.scm: leave as soon as possible, thank's
(08:16 / All) FriendlyTyler: Yikes!
(08:26 / Allies) FriendlyTyler: one of you Hu go 2xaoe
(08:30 / Allies) FriendlyTyler: drop em there
(08:31 / Allies) FriendlyTyler: free creep
(09:57 / Allies) FriendlyTyler: seppelin if nec.
(11:12 / Allies) Friends.scm: so
(11:19 / Allies) Friends.scm: did gob put a password on his vent?
(11:29 / Allies) Friends.scm: i tried joining and shit
(11:40 / Allies) thoughtUwastoss: maybe he made you an account
(11:44 / Allies) Friends.scm: looks that way
(11:46 / Allies) thoughtUwastoss: and if you dont have the pword you cant log on
(11:50 / Allies) thoughtUwastoss: log on with diff account
(11:52 / Allies) thoughtUwastoss: and you're fine
(11:52 / Allies) FriendlyTyler: rename yeah
(16:26 / Allies) JulyBack2TheSty: g
(16:27 / Allies) JulyBack2TheSty: gold
(17:42 / All) FriendlyTyler: what you gon do now?
(18:01 / Allies) Friends.scm: sweet
(18:02 / Allies) FriendlyTyler: a gift to u
(18:08 / Allies) Friends.scm: take please
(18:08 / Allies) FriendlyTyler: magnot engage
(18:14 / Allies) FriendlyTyler: takewhat
(18:43 / All) JulyBack2TheSty: you guys
(18:47 / All) JulyBack2TheSty: u need 3-1 expand
(18:50 / All) JulyBack2TheSty: (2)
(22:52 / Allies) JulyBack2TheSty: golde
(23:09 / All) FriendlyTyler: from noobs
(23:22 / Allies) JulyBack2TheSty: golde
(23:29 / All) NightElfOwnz: we are not tower noobs
(23:36 / All) Friends.scm: no
(23:38 / All) Friends.scm: regular kind
(23:56 / Allies) Friends.scm: heh
(24:03 / All) FriendlyTyler: yikes
(24:06 / All) Friends.scm: where army go orange?
(24:20 / Allies) Friends.scm: disappear into tower forset?
(24:36 / All) NightElfOwnz: -.-  ya are fucking noobs so are tower noobs
(24:44 / All) JulyBack2TheSty: why u lose
(24:45 / All) 4k.BlackRaNger: Them are GAY
(24:54 / All) JulyBack2TheSty: u  lose to the gay man?
(24:58 / All) 4k.BlackRaNger: i tihnk them have bot and fuck ea
(25:04 / All) 4k.BlackRaNger: them are GAYS
(25:43 / All) FriendlyTyler: perfect bat
(26:27 / All) 4k.BlackRaNger: FUCK man
(26:32 / All) FriendlyTyler: green yoU STINK ON ICE
(27:35 / All) Friends.scm: you guys rich?
(27:44 / All) FriendlyTyler: green retarte
(28:45 / All) FriendlyTyler: as good a suicide as any...
(28:46 / All) JulyBack2TheSty: you about done
(28:47 / All) JulyBack2TheSty: goode
(29:08 / All) JulyBack2TheSty: a free win from a man who have sex with man..
(29:27 / All) Friends.scm: ty
(29:27 / All) FriendlyTyler: LEAVE
(29:29 / All) FriendlyTyler: MY
(29:30 / All) FriendlyTyler: PRESENCE
(29:48 / All) JulyBack2TheSty: He starts making grunts
(29:50 / All) JulyBack2TheSty: a wise plan
(30:15 / All) Friends.scm: these tauren also vanish
(30:16 / All) Friends.scm: into tower forest
(30:24 / All) 4k.BlackRaNger: yes i leave
(30:25 / All) Friends.scm: rush: failed
(30:31 / All) FriendlyTyler: You better you bet
(30:43 / All) 4k.BlackRaNger: you people use that tactic all the time?
(30:51 / All) FriendlyTyler: http://highper.ch/ hundreds of replays of us towering
(30:57 / All) JulyBack2TheSty: only work against big noobs
(32:14 / All) 4k.BlackRaNger: ok i go see on the site
(32:16 / All) 4k.BlackRaNger: ;D
(32:22 / All) JulyBack2TheSty: www.highper.ch bye
(32:28 / All) 4k.BlackRaNger: WHATS THE CLAN NAME?
(32:31 / All) FriendlyTyler: TOWA
(32:37 / All) JulyBack2TheSty: clan towa www.highper.ch bye
(32:52 / All) 4k.BlackRaNger: OK I COME CHANNEL /J TOWA
(32:54 / All) 4k.BlackRaNger: ok?
(32:59 / All) FriendlyTyler: ON AZEROTH
(33:02 / All) Friends.scm: why? you want get owned 2zx?